 Dungeon Crawl Stone Soup version 0.23.2-30-g0e89c35649 (webtiles) character file.

Game seed: 3427041902505793941

62 Hatywr the Sneak (level 4, -6/29 HPs)
             Began as a Halfling Assassin on June 17, 2019.
             Mangled by Sigmund
             ... wielding a +2 scythe of flaming
              (9 damage)
             ... on level 3 of the Dungeon.
             The game lasted 00:05:31 (1951 turns).

Hatywr the Sneak (Halfling Assassin)                Turns: 1951, Time: 00:05:32

Health: -6/29      AC:  3    Str: 12    XL:     4   Next: 28%
Magic:  4/4        EV: 14    Int:  9    God:
Gold:   49         SH:  0    Dex: 16    Spells: 3/3 levels left

rFire    . . .     SeeInvis .   a - +2 dagger
rCold    . . .     Gourm    .   (shield restricted)
rNeg     . . .     Faith    .   c - +0 robe
rPois    .         Spirit   .   (no helmet)
rElec    .         Reflect  .   d - +0 cloak
rCorr    .         Harm     .   (no gloves)
MR       .....                  (no boots)
Stlth    +++.......             (no amulet)
HPRegen  0.09/turn              (no ring)
MPRegen  0.09/turn              (no ring)

@: no status effects
A: small, mutation resistance 1
a: no special abilities


You were on level 3 of the Dungeon.
You were not hungry.

You visited 1 branch of the dungeon, and saw 3 of its levels.

You collected 49 gold pieces.

Inventory:

Hand Weapons
 a - a +2 dagger (weapon)
 b - a +0 blowgun
Missiles
 e - 16 poisoned needles
Armour
 c - a +0 robe (worn)
 d - a +0 cloak (worn)
Jewellery
 o - an uncursed amulet of faith
Scrolls
 j - a scroll of enchant weapon {unknown}
 k - a scroll of enchant armour {unknown}
 l - a scroll of fear {unknown}
 m - a scroll of random uselessness {unknown}
 p - 3 scrolls of remove curse {unknown}
 q - 2 scrolls of identify
Potions
 h - 2 potions of flight {unknown}
 i - 3 potions of curing {unknown}
 n - a potion of agility {unknown}
Comestibles
 g - 4 rations


   Skills:
 - Level 1.7 Fighting
 - Level 2.4 Short Blades
 - Level 2.0 Throwing
 - Level 1.1 Dodging
 + Level 6.3 Stealth


You had 3 spell levels left.
You didn't know any spells.
Your spell library was empty.

Dungeon Overview and Level Annotations

Branches:
Dungeon (3/15)

Altars:

Annotations:
D:3 Sigmund


Innate Abilities, Weirdness & Mutations

You are small and have problems with some larger weapons.
You are somewhat resistant to further mutation.


Message History

Press: ? - help, Shift-Dir - straight line You shoot a poisoned needle.
There is an open door here.
Firing (i - inventory)
e - 18 poisoned needles (quivered)
Press: ? - help, Shift-Dir - straight line You shoot a poisoned needle.
You hear some strange, mumbled words.
A puff of flame appears from out of thin air!
The puff of flame hits you.
Firing (i - inventory)
e - 17 poisoned needles (quivered)
Press: ? - help, Shift-Dir - straight line You shoot a poisoned needle.
Something hits you!
Ouch! That really hurt!
* * * LOW HITPOINT WARNING * * *
Something burns you.
* * * LOW HITPOINT WARNING * * *
Wield which item (- for none, * to show all)? (? for menu, Esc to quit)
a - a +2 dagger (weapon)
Something hits you!
You die...

#.#<.........# ######
#.############## ##.....
#.# #.......# #.....# #.#
#.#####.# #.....# #.#
#.#...#.# #.....# #.#
#.#.#.#.# #.....# #.#
#.#.#.#.# #########(....#
#.#
##'#.#.#.####.............#
#.#
#......#..@.'(...(........#
#.#
#....#.######........######
#.# #....#..# #........#
#.# #.......# #........#
#.# ##..♣...# ##########
#.# #.♣_♣..# #.# #..♣...#
#.# #......# #.# ###.####


There were no monsters in sight!

Vanquished Creatures
  An adder (D:2)
  An ooze (D:3)
  A worm (D:2)
  3 leopard geckos
  An orc (D:3)
  8 bats
  4 giant cockroaches
  4 goblins
  2 hobgoblins
  2 jackals (D:1)
  5 kobolds
  A ball python (D:2)
  3 frilled lizards (D:1)
  4 rats
40 creatures vanquished.

Notes
Turn   | Place    | Note
-------+----------+-------------------------------------------
     0 | D:1      | Hatywr the Halfling Assassin began the quest for the Orb.
     0 | D:1      | Reached XP level 1. HP: 14/14 MP: 1/1
   190 | D:1      | Reached XP level 2. HP: 19/19 MP: 2/2
   197 | D:1      | Reached skill level 5 in Stealth
   694 | D:1      | Reached XP level 3. HP: 24/24 MP: 3/3
  1420 | D:2      | Reached skill level 6 in Stealth
  1454 | D:2      | Reached XP level 4. HP: 25/29 MP: 4/4
  1747 | D:3      | Found a faded altar of an unknown god.
  1910 | D:3      | Noticed Sigmund
  1951 | D:3      | Mangled by Sigmund

Skill      XL: |  1  2  3 |
---------------+----------+-----
Stealth        | 5 6 |  6.3
Fighting       | |  1.7
Short Blades   | |  2.4
Throwing       | |  2.0
Dodging        | |  1.1

Action                   |  1- 3 |  4- 6 || total
-------------------------+-------+-------++-------
Melee: Dagger            |   125 |     7 ||   132
 Fire: Blowgun           |       |     7 ||     7
  Use: Scroll            |     1 |       ||     1
 Stab: Sleeping          |     7 |     3 ||    10
  Eat: Chunk             |     2 |     1 ||     3
Armor: Robe              |    28 |     1 ||    29
Dodge: Dodged            |   105 |     2 ||   107
